 Dungeon Crawl Stone Soup version 0.20.0-4-g10b340a (webtiles) character file.

1481 mopl the Tainter (level 9, 0/59 HPs)
             Began as a Formicid Venom Mage on May 27, 2017.
             Was an Initiate of Fedhas.
             Splashed by a jelly's acid (6 damage)
             ... on level 6 of the Dungeon.
             The game lasted 00:14:23 (5926 turns).

mopl the Tainter (Formicid Venom Mage)              Turns: 5926, Time: 00:14:25

Health: 0/59       AC: -2    Str: 12    XL:     9   Next: 7%
Magic:  12/17      EV: 12    Int: 22    God:    Fedhas [......]
Gold:   282        SH:  0    Dex: 11    Spells: 9/19 levels left

rFire    . . .     SeeInvis +   a - +6 mace of the Special Lives {crush, Int+3}
rCold    . . .     Gourm    .   (no shield)
rNeg     . . .     Faith    .   v - +2 robe {MR+}
rPois    .         Spirit   .   (helmet unavailable)
rElec    .         Reflect  .   o - +0 cloak
rCorr    .         Harm     .   m - +0 pair of gloves
MR       +....                  (no boots)
Stlth    ++........             (no amulet)
Regen    0.2/turn               j - ring of flight
MPRegen  0.2/turn               (no ring)

@: lethally poisoned (0 -> -1), corroded
A: permanent stasis, dig shafts and tunnels, four strong arms, antennae 3
a: Dig, Shaft Self, Fungal Bloom, Renounce Religion, Evoke Flight


You were on level 6 of the Dungeon.
You worshipped Fedhas.
Fedhas was noncommittal.
You were not hungry.

You visited 2 branches of the dungeon, and saw 7 of its levels.
You also visited: Sewer.

You collected 282 gold pieces.

Inventory:

Hand Weapons
 a - the +6 mace of the Special Lives (weapon) {crush, Int+3}
   (You found it on level 5 of the Dungeon)

   It inflicts extra damage upon your enemies.
   It affects your intelligence (+3).
 b - a +0 blowgun
Missiles
 A - 10 poisoned needles
Armour
 m - a +0 pair of gloves (worn)
 o - a +0 cloak (worn)
 v - a +2 robe of magic resistance (worn)
Jewellery
 j - a ring of flight (left hand)
Wands
 w - a wand of polymorph (13/24)
Scrolls
 e - a scroll of fear {unknown}
 g - 5 scrolls of identify
 i - a scroll of remove curse {unknown}
 k - 4 scrolls of recharging {unknown}
 p - a scroll of amnesia {unknown}
 q - a scroll of enchant weapon {unknown}
 r - 3 scrolls of teleportation {unknown}
 s - a scroll of random uselessness {unknown}
 y - a scroll of magic mapping {unknown}
 E - a scroll of blinking {unknown}
 F - a scroll of enchant armour {unknown}
Potions
 h - 3 potions of flight
 n - a potion of magic
 t - a potion of might
 u - 2 potions of mutation {!q}
 z - 2 potions of heal wounds
 C - a potion of curing
Books
 B - a Young Poisoner's Handbook

   Spells                             Type                      Level
   a - Sting                          Conjuration/Poison           1
   b - Poisonous Vapours              Poison/Air                   2
   c - Mephitic Cloud                 Conjuration/Poison/Air       3
   d - Olgreb's Toxic Radiance        Poison                       4
   e - Venom Bolt                     Conjuration/Poison           5
Comestibles
 c - 4 bread rations
 d - 2 fruits {!e}
 f - a chunk of flesh
 l - 2 royal jellies
 x - 2 meat rations


   Skills:
 + Level 1.0 Fighting
 + Level 2.1 Dodging
 - Level 2.4 Stealth
 + Level 5.5 Spellcasting
 + Level 4.7 Conjurations
 + Level 0.5 Air Magic
 * Level 10.3 Poison Magic


You had 9 spell levels left.
You knew the following spells:

 Your Spells              Type           Power        Failure   Level  Hunger
a - Sting                 Conj/Pois      ####         1%          1    None
b - Poisonous Vapours     Pois/Air       ####..       1%          2    None
c - Mephitic Cloud        Conj/Pois/Air  ####....     3%          3    ##.....
o - Olgreb's Toxic Radia  Pois           ######..     1%          4    ####...


Dungeon Overview and Level Annotations

Branches:
Dungeon (6/15)             Temple (1/1) D:5

Altars:
Elyvilon
Fedhas
Gozag
Ru
Uskayaw
Xom
Zin
The Shining One

Annotations:
D:5 Nordron's ghost, novice FoEn


Innate Abilities, Weirdness & Mutations

You cannot be hasted, slowed, berserked, paralysed or teleported.
You can dig through walls and to a lower floor.
Your four strong arms can wield two-handed weapons with a shield.
You have a pair of large antennae on your head. (SInv)


Message History

The jelly is lightly wounded.
The jelly hits you but does no damage.
You hit the jelly but do no damage.
Your hands burn!
The jelly is lightly wounded.
You feel sick. The jelly hits you. The acid corrodes you!
You are splashed with acid!
The acid burns!
The jelly hits you.
You are splashed with acid!
The acid burns!
* * * LOW HITPOINT WARNING * * *
You hit the jelly.
Your hands burn!
* * * LOW HITPOINT WARNING * * *
The jelly is moderately wounded.
The jelly misses you.
You hit the jelly.
Your hands burn!
* * * LOW HITPOINT WARNING * * *
The jelly is heavily wounded.
You feel sick. The jelly hits you.
* * * LOW HITPOINT WARNING * * *
You are splashed with acid!
The acid burns!
You die...
Fedhas appreciates your contribution to the ecosystem.

. ..# .## #.# .. ..#
#.# #.# .. #.#
.####. #.#
...)..##.###########
.##.....).....)J@).#
.........#########.#
.#.......# #.#
........$# #.#
.#...)...# #.#
..>..$...# #.#
##.......# #.#
#.......# #.#
#..####.# #.#


You could see a jelly.

Vanquished Creatures
  Pikel (D:4)
  Sigmund (D:4)
  Duvessa (D:4)
  3 slaves
  2 ogres (D:4)
  A centaur (D:5)
  A big kobold (Sewer)
  2 scorpions
  Dowan (D:4)
  An orc priest (D:5)
  3 worker ants
  A worker ant zombie (D:4)
  11 adders
  2 river rats
  2 adder skeletons (D:4)
  2 dart slugs
  6 leopard geckos
  11 orcs
  3 giant cockroaches (D:3)
  5 goblins
  6 hobgoblins
  2 jackals (Sewer)
  3 quokkas
  7 ball pythons
  3 bats
  2 frilled lizards
  7 kobolds
  12 rats
102 creatures vanquished.

Notes
Turn   | Place    | Note
-------+----------+-------------------------------------------
     0 | D:1      | mopl the Formicid Venom Mage began the quest for the Orb.
     0 | D:1      | Reached XP level 1. HP: 13/13 MP: 3/3
    53 | D:1      | Reached skill level 1 in Conjurations
   245 | D:1      | Found a shimmering altar of Xom.
   320 | D:1      | Reached XP level 2. HP: 11/19 MP: 0/5
   324 | D:1      | Learned a level 2 spell: Poisonous Vapours
  1074 | D:2      | Reached XP level 3. HP: 24/24 MP: 3/6
  1152 | D:2      | Found a shimmering altar of Xom.
  1635 | D:3      | Reached skill level 2 in Conjurations
  1635 | D:3      | Reached XP level 4. HP: 22/30 MP: 1/8
  1644 | D:3      | Reached skill level 5 in Poison Magic
  1722 | D:3      | Learned a level 4 spell: Olgreb's Toxic Radiance
  1833 | D:3      | Reached skill level 3 in Spellcasting
  2037 | D:3      | Reached XP level 5. HP: 35/35 MP: 3/9
  2045 | D:3      | Learned a level 3 spell: Mephitic Cloud
  2606 | D:4      | Noticed Duvessa
  2609 | D:4      | Noticed Dowan
  2718 | D:4      | Noticed a phantom
  3122 | D:4      | Noticed an ogre
  3130 | D:4      | Killed an ogre
  3130 | D:4      | Reached skill level 6 in Poison Magic
  3130 | D:4      | Reached XP level 6. HP: 41/41 MP: 1/11
  3149 | D:4      | Noticed Sigmund
  3215 | D:4      | Killed Sigmund
  3215 | D:4      | Reached skill level 3 in Conjurations
  3215 | D:4      | Reached skill level 7 in Poison Magic
  3215 | D:4      | Reached XP level 7. HP: 46/46 MP: 1/12
  3259 | D:4      | Reached skill level 4 in Spellcasting
  3266 | D:4      | Found a glowing golden altar of the Shining One.
  3375 | D:4      | Noticed Pikel
  3496 | D:4      | Killed Dowan
  3813 | D:4      | Killed Pikel
  3813 | D:4      | Reached skill level 4 in Conjurations
  3813 | D:4      | Reached skill level 9 in Poison Magic
  3813 | D:4      | Reached XP level 8. HP: 31/52 MP: 1/15
  4021 | D:4      | Killed Duvessa
  4021 | D:4      | Reached skill level 5 in Spellcasting
  4633 | D:5      | Entered Level 5 of the Dungeon
  4780 | D:5      | Noticed Nordron's ghost (novice FoEn)
  4940 | D:5      | Found a glowing drain.
  4982 | Sewer    | Entered a sewer
  5226 | Sewer    | Reached skill level 10 in Poison Magic
  5272 | Sewer    | Found a white marble altar of Elyvilon.
  5399 | D:5      | Reached skill level 2 in Dodging
  5399 | D:5      | Reached XP level 9. HP: 52/58 MP: 12/17
  5458 | D:5      | Found a staircase to the Ecumenical Temple.
  5478 | Temple   | Entered the Ecumenical Temple
  5503 | Temple   | Became a worshipper of Fedhas Madash
  5782 | D:5      | Got an iridescent mace
  5783 | D:5      | Identified the +6 mace of the Special Lives {crush, Int+3} (You found it on level 5 of the Dungeon)
  5920 | D:6      | Reached skill level 1 in Fighting
  5926 | D:6      | Splashed by a jelly's acid

Skill      XL: |  1  2  3  4  5  6  7  8  9 |
---------------+----------------------------+-----
Conjurations   | 1 2 3 4 |  4.7
Poison Magic   | 5 6 7 9 10 | 10.3
Spellcasting   | 3 4 5 |  5.5
Dodging        | 2 |  2.1
Fighting       | 1 |  1.0
Stealth        | |  2.4
Air Magic      | |  0.5

Action                   |  1- 3 |  4- 6 |  7- 9 || total
-------------------------+-------+-------+-------++-------
Melee: Unarmed           |    15 |       |       ||    15
       Dagger            |    59 |    86 |    75 ||   220
       Mace              |       |       |     6 ||     6
 Cast: Sting             |    10 |       |       ||    10
       Poisonous Vapours |    19 |    38 |    55 ||   112
       Olgreb's Toxic Ra |       |       |    11 ||    11
  Use: Potion            |     2 |       |       ||     2
       Scroll            |       |     4 |     2 ||     6
 Stab: Sleeping          |     1 |     1 |     1 ||     3
  Eat: Chunk             |     4 |     6 |    11 ||    21
       Fruit             |       |     1 |       ||     1
Armor: Robe              |    16 |    17 |    21 ||    54
Dodge: Dodged            |    58 |    48 |    61 ||   167
